 Dungeon Crawl Stone Soup version 0.29.1-4-g47bece8355 (webtiles) character file.

Game seed: 1989466117079839040

27 warriortoast the Conjurer (level 2, 0/20 HPs)
             Began as a Draconian Conjurer on Dec 3, 2022.
             Slain by a quokka (3 damage)
             ... on level 1 of the Dungeon.
             The game lasted 00:01:06 (1190 turns).

warriortoast the Conjurer (Draconian Conjurer)      Turns: 1190, Time: 00:01:06

Health: 0/20       AC:  4    Str:  9    XL:     2   Next: 93%
Magic:  1/5        EV: 12    Int: 18    God:
Gold:   30         SH:  0    Dex:  9    Spells: 4/5 levels left

rFire   . . .      SeeInvis .   d - +0 club
rCold   . . .      Faith    .   (no shield)
rNeg    . . .      Spirit   .   (body armour unavailable)
rPois   .          Reflect  .   (helmet restricted)
rElec   .          Harm     .   (no cloak)
rCorr   .          Rampage  .   (no gloves)
Will    .....                   (no boots)
Stlth   ++........              (no amulet)
HPRegen 0.06/turn               (no ring)
MPRegen 0.09/turn               (no ring)

@: no status effects
A: AC +4, unfitting armour, cold-blooded
a: no special abilities


You were on level 1 of the Dungeon.
You visited 1 branch of the dungeon, and saw 1 of its levels.

You collected 30 gold pieces.

Inventory:

Hand Weapons
 d - a +0 club (weapon)
Scrolls
 b - a scroll of identify {unknown}
 c - a scroll of silence {unknown}
 f - 3 scrolls of teleportation {unknown}
 g - a scroll of magic mapping {unknown}
Potions
 a - a potion of magic
 e - a potion of brilliance {unknown}
 h - a potion of berserk rage {unknown}


   Skills:
 + Level 2.1 Dodging
 + Level 2.3 Stealth
 + Level 2.3 Spellcasting
 + Level 4.2 Conjurations


You had 4 spell levels left.
You knew the following spells:

 Your Spells              Type           Power      Damage    Failure   Level
a - Magic Dart            Conj           68%        1d6       3%          1

Your spell library contained the following spells:

 Spells                   Type           Power      Damage    Failure   Level
 Searing Ray              Conj           34%        2d5       4%          2
 Dazzling Flash           Conj/Hex       18%        N/A       22%         3
 Fulminant Prism          Conj/Hex       4%         3d6       58%         4
 Iskenderun's Mystic Bla  Conj/Tloc      9%         2d4       58%         4


Dungeon Overview and Level Annotations

Branches:
Dungeon (1/15)

Altars:


Innate Abilities, Weirdness & Mutations

Your plain brown scales are hard. (AC +4)
You cannot fit into any form of body armour.
You are cold-blooded and may be slowed by cold attacks.


Message History

You are out of magic!
You hit the quokka but do no damage. The quokka bites you.
You hit the quokka but do no damage.
Your tail-slap misses the quokka.
The quokka bites you but does no damage.
The quokka closely misses you.
You barely miss the quokka. The quokka bites you. x2
Your magical contamination has completely faded away.
You are too injured to fight recklessly!
You are too injured to fight recklessly!
You are too injured to fight recklessly!
You barely miss the quokka. You tail-slap the quokka.
The quokka is heavily wounded.
The quokka bites you but does no damage.
You barely miss the quokka.
The quokka is heavily wounded.
The quokka bites you.
* * * LOW HITPOINT WARNING * * *
The quokka barely misses you.
You hit the quokka.
The quokka is almost dead.
The quokka barely misses you.
You closely miss the quokka.
The quokka is almost dead.
The quokka misses you. The quokka bites you.
* * * LOW HITPOINT WARNING * * *
You barely miss the quokka.
The quokka is almost dead.
The quokka bites you.
* * * LOW HITPOINT WARNING * * *
You barely miss the quokka.
The quokka is severely wounded.
The quokka barely misses you. The quokka closely misses you.
You hit the quokka but do no damage.
The quokka is severely wounded.
The quokka misses you.
You closely miss the quokka.
The quokka is severely wounded.
The quokka bites you but does no damage.
The quokka bites you.
You die...

#......(##.......#.......#
#.#####.#.....#.###.......
#. #.#......## ##...... .
#.#.....#.###....... #
#.##...###.#)#######
#####.##..## ##.##
......##..#####.#
................#
##.####@######### #..r#
....... #.#.#.#.#) ..
....... .# #.#.#. .# .. .
. .. ...## ## ##


You could see a quokka.

Vanquished Creatures
  A dart slug (D:1)
  2 ball pythons (D:1)
  3 endoplasms (D:1)
  A hobgoblin (D:1)
  3 quokkas (D:1)
  A bat (D:1)
  A frilled lizard (D:1)
  5 goblins (D:1)
  3 kobolds (D:1)
  3 rats (D:1)
23 creatures vanquished.

Notes
Turn   | Place    | Note
-------+----------+-------------------------------------------
     0 | D:1      | warriortoast the Draconian Conjurer began the quest for the
                  | Orb.
     0 | D:1      | Reached XP level 1. HP: 14/14 MP: 3/3
   407 | D:1      | Reached XP level 2. HP: 20/20 MP: 0/5
  1190 | D:1      | Slain by a quokka

Illustrated notes

Levels and vault maps discovered:
D:1:      roderic_dead_forest, layout_loops_ring, minmay_misc_feat_pillars

Skill      XL: |  1 |
---------------+----+-----
Stealth        | 2 |  2.3
Dodging        | 2 |  2.1
Spellcasting   | |  2.3
Conjurations   | |  4.2

Action                   || total
-------------------------++-------
Melee: Unarmed           ||    15
       Club              ||    14
       Tailslap          ||     2
 Cast: Magic Dart        ||    40
Armor: Skin              ||    11
Dodge: Dodged            ||    15
